Unix NetHack Version 3.7.0-82 Work-in-progress - last build Apr 17 2023 03:07:26 (e853d47aa369caa3f400cfc56ad4c4ae4a18b75a,branch:master). Game began 2023-04-24 10:36:47, ended 2023-04-24 10:53:09. beq00000, neutral male gnomish Caveman -------------- |............| |...........`| ---------------- + ###-............| |..............'# # # |............| |..............|@ # # |............| |......%.......|#e ## # ---------.---- #-..............| # # # #---------------- # # ## # ## # # # ----.---# # ## |..<....# # ## |......|###` ######## # |......|# --.-----.---# ----.---# |..........|# ##### |....>......# ------------ Beq00000 the Aborigine St:18/03 Dx:12 Co:18 In:10 Wi:7 Ch:8 Neutral S:505 Dlvl:4 $:7 HP:0(40) Pw:13(13) AC:7 Xp:4/87 T:2693 Latest messages: You are frozen by the floating eye's gaze! You hear the footsteps of a guard on patrol. You can move again. What do you want to wield? [- abkq or ?*] ? a - a +1 club (weapon in hand). b - a +2 sling (alternate weapon; not wielded). You feel agile! You must have been working on your reflexes. You miss the floating eye. You are frozen by the floating eye's gaze! You hear a door open. You can move again. You hit the floating eye! You are frozen by the floating eye's gaze! You can move again. You miss the floating eye. You are frozen by the floating eye's gaze! You hear someone cursing shoplifters. You hear the chime of a cash register. The straw golem hits! The straw golem hits again! The straw golem hits! The straw golem hits again! The straw golem hits! The straw golem hits again! The straw golem hits! The straw golem hits again! The straw golem hits! The straw golem hits again! The straw golem hits! The straw golem hits again! The straw golem hits! The straw golem hits again! The straw golem hits! The straw golem hits again! The straw golem hits! The straw golem hits again! The straw golem hits! The straw golem hits again! The straw golem hits! The straw golem hits again! The straw golem hits! The straw golem hits again! The straw golem hits! You die... Do you want your possessions identified? [ynq] (y) y Do you want to see your attributes? [ynq] (y) n Do you want an account of creatures vanquished? [ynaq] (y) n Do you want to see your conduct and achievements? [ynq] (y) n Do you want to see the dungeon overview? [ynq] (y) n Inventory: Coins $ - 7 gold pieces Weapons k - a +0 bow b - a +2 sling (alternate weapon; not wielded) q - a +0 sling a - a +1 club (weapon in hand) Armor j - an uncursed +0 orcish helm (being worn) e - an uncursed +0 leather armor (being worn) Comestibles w - an uncursed food ration Scrolls g - an uncursed scroll of gold detection Spellbooks u - an uncursed spellbook of dig l - a blessed spellbook of turn undead Potions h - an uncursed potion of restore ability y - a blessed potion of sickness Wands m - a wand of light (0:15) Gems/Stones x - an uncursed fluorite stone o - an uncursed worthless piece of red glass c - 14 uncursed flint stones (in quiver pouch) r - 3 uncursed flint stones d - 23 uncursed rocks Beq00000 the Caveman's attributes: Background: You were an Aborigine, a level 4 gnomish Caveman. You were neutral, on a mission for Ishtar who was opposed by Anu (lawful) and Anshar (chaotic). You were in the Dungeons of Doom, on level 4. You entered the dungeon 2693 turns ago. You had 87 experience points, 73 more were needed to attain level 5. Your score was 505 before end-of-game adjustments. Basics: You had 0 out of 40 hit points. You had all 13 energy points (spell power). Your armor class was 7. Your wallet contained 7 zorkmids. Autopickup was off. Final Characteristics: Your strength was 18/03 (limit:18/50). Your dexterity was 12 (limit:18). Your constitution was 18 (limit:18). Your intelligence was 10 (limit:19). Your wisdom was 7 (limit:18). Your charisma was 8 (limit:18). Final Status: You were not hungry. You were unencumbered. You were wielding a club. You had basic skill with club. Final Attributes: You were piously aligned. You had infravision. You were warded. You are dead. Miscellaneous: You never encountered a bones level. Total elapsed playing time was 16 minutes and 20 seconds. Major events: Turn 1: beq00000 the neutral gnomish Caveman entered the dungeon 1417: attained the rank of Aborigine (level 3) 2693: killed by a straw golem, while frozen by a floating eye's gaze Vanquished creatures: an iguana 3 hobbits 4 giant rats a yellow mold a gnome zombie a gecko 8 jackals 2 foxes a kobold 3 goblins 5 grid bugs 2 lichens 2 kobold zombies 8 newts 42 creatures vanquished. No species were genocided or became extinct. Voluntary challenges: You were illiterate. You never engraved Elbereth. You never genocided any monsters. You never polymorphed an object. You never changed form. You used no wishes. Achievement: You attained the rank of Aborigine. The Dungeons of Doom: levels 1 to 4 Level 1: Some fountains, some sinks. Level 2: Level 3: A grave. Level 4: <- You were here. Final resting place for you, killed by a straw golem, while frozen by a floating eye's gaze. Game over: ---------- / \ / REST \ / IN \ / PEACE \ / \ | beq00000 | | 7 Au | | killed by a | | straw golem | | | | | | 2023 | *| * * * | * _________)/\\_//(\/(/\)/\//\/|_)_______ Goodbye beq00000 the Caveman... You died in The Dungeons of Doom on dungeon level 4 with 505 points, and 7 pieces of gold, after 2693 moves. You were level 4 with a maximum of 40 hit points when you died.